[Event "Croatian-ch Youth U13 2022"]
[Site "Trogir"]
[Date "2022.06.24"]
[Round "4.8"]
[White "Puljiz, Marin"]
[Black "Miletic, Ivan"]
[Result "1-0"]
[ECO "B32"]
[WhiteElo "1296"]
[BlackElo "1461"]
[Annotator "NA RC"]
[PlyCount "65"]
[EventDate "2022.06.22"]
[EventType "swiss"]
[EventCountry "CRO"]
[SourceTitle "playchess.com"]
[Source "ChessBase"]
[SourceQuality "1"]
[TimeControl "5400+30"]

1. e4 c5 2. Nf3 Nc6 3. d4 cxd4 4. Nxd4 e5 5. Nf3 d6 6. h3 Nf6 7. Nc3 Be7 8. Bg5 Be6 9. Qd2 O-O 10. O-O-O a5 11. Bb5 Qc7 12. Kb1 Rfd8 13. a3 Na7 14. Ba4 b5 15. Bxf6 Bxf6 16. Bxb5 Nxb5 17. Nxb5 Qb6 18. a4 Be7 19. Qe2 Rdc8 20. b3 Bd7 21. Rhf1 Rc5 22. Rd5 Bxb5 23. axb5 a4 24. b4 Rxd5 25. exd5 a3 26. Ka2 f5 27. Qc4 e4 28. Nd4 Bf6 29. Nc6 e3 30. f3 Rc8 31. Re1 e2 32. Qxe2 Rxc6 33. Qe6+ 1-0

[Event "Croatian-ch Youth U13 2022"]
[Site "Trogir"]
[Date "2022.06.24"]
[Round "4.9"]
[White "Zagorac, Lara"]
[Black "Vucenovic, Diara"]
[Result "1-0"]
[ECO "D02"]
[WhiteElo "1482"]
[BlackElo "1352"]
[Annotator "NA RC"]
[PlyCount "75"]
[EventDate "2022.06.22"]
[EventType "swiss"]
[EventCountry "CRO"]
[SourceTitle "playchess.com"]
[Source "ChessBase"]
[SourceQuality "1"]
[TimeControl "5400+30"]

1. d4 d5 2. Nf3 Nf6 3. Bf4 e6 4. e3 Bd6 5. Bg3 O-O 6. Nbd2 b6 7. c3 Bb7 8. Bd3 Nbd7 9. Ne5 Qe7 10. Ndf3 c5 11. Nxd7 Qxd7 12. Ne5 Qc7 13. f4 c4 14. Bc2 Ne4 15. Bxe4 dxe4 16. Ng4 Bd5 17. O-O f6 18. Nf2 Qf7 19. Nh1 Qg6 20. f5 Qh6 21. Bxd6 Qxe3+ 22. Rf2 Rfe8 23. Bf4 Qd3 24. Rd2 Qxd2 25. Qxd2 exf5 26. h4 Re7 27. Ng3 g6 28. Nf1 Rae8 29. Ne3 Bf7 30. Qc2 Kg7 31. h5 b5 32. b3 cxb3 33. axb3 h6 34. hxg6 Bxg6 35. c4 b4 36. d5 h5 37. d6 Rd7 38. c5 1-0

[Event "Croatian-ch Youth U13 2022"]
[Site "Trogir"]
[Date "2022.06.24"]
[Round "4.10"]
[White "Franc, Marta"]
[Black "Hajdinic, Ema"]
[Result "0-1"]
[ECO "D55"]
[WhiteElo "1168"]
[BlackElo "1535"]
[Annotator "NA"]
[PlyCount "122"]
[EventDate "2022.06.22"]
[EventType "swiss"]
[EventCountry "CRO"]
[SourceTitle "playchess.com"]
[Source "ChessBase"]
[SourceQuality "1"]
[TimeControl "5400+30"]

1. d4 d5 2. c4 e6 3. Nc3 Nf6 4. Bg5 Be7 5. Nf3 O-O 6. e3 Nbd7 7. Rc1 b6 8. cxd5 exd5 9. Bd3 Bb7 10. O-O c5 11. Re1 Re8 12. Bb5 Ne4 13. Bxe7 Rxe7 14. Bxd7 Qxd7 15. Qc2 cxd4 16. exd4 Rae8 17. Re3 Nxc3 18. Qxc3 Rxe3 19. fxe3 Qe6 20. Re1 Rc8 21. Qd3 f6 22. a3 Rc4 23. b3 Rc7 24. Qd2 Qe4 25. Rc1 Rxc1+ 26. Qxc1 Qd3 27. b4 Ba6 28. Nd2 Qxe3+ 29. Kh1 Qxd4 30. Nf3 Qc4 31. Qxc4 dxc4 32. Nd4 c3 33. Nb3 c2 34. Nc1 Bc4 35. Kg1 Kf7 36. Kf2 Bd5 37. g3 Be4 38. Ke3 Bg6 39. Kd2 Ke6 40. Kc3 Ke5 41. Kd2 h5 42. Ke3 Bh7 43. Kd2 g5 44. Ke3 f5 45. h3 f4+ 46. gxf4+ gxf4+ 47. Kf3 Bf5 48. h4 Bg4+ 49. Kf2 Kd4 50. Ke1 Kc3 51. Kf2 Kb2 52. Nd3+ Kb1 53. Kg1 c1=Q+ 54. Nxc1 Kxc1 55. Kf2 f3 56. a4 Kd2 57. a5 bxa5 58. bxa5 a6 59. Kf1 Ke3 60. Ke1 f2+ 61. Kf1 Bh3# 0-1

[Event "Croatian-ch Youth U13 2022"]
[Site "Trogir"]
[Date "2022.06.24"]
[Round "5.1"]
[White "Petrus, Adrian"]
[Black "Poljan, Max"]
[Result "1/2-1/2"]
[ECO "B22"]
[WhiteElo "1526"]
[BlackElo "1618"]
[Annotator "NA RC"]
[PlyCount "123"]
[EventDate "2022.06.22"]
[EventType "swiss"]
[EventCountry "CRO"]
[SourceTitle "playchess.com"]
[Source "ChessBase"]
[SourceQuality "1"]
[TimeControl "5400+30"]

1. e4 c5 2. Nf3 e6 3. c3 Nf6 4. e5 Nd5 5. d4 cxd4 6. cxd4 d6 7. Bc4 Nb6 8. Bb5+ Bd7 9. Bxd7+ N8xd7 10. O-O Qc7 11. Qe2 dxe5 12. dxe5 Qc4 13. Re1 Rc8 14. Nbd2 Qxe2 15. Rxe2 Nc5 16. a3 g6 17. Rb1 Bg7 18. Ne4 Nxe4 19. Rxe4 Rc4 20. Re1 O-O 21. b3 Rc5 22. Be3 Rd5 23. Bxb6 axb6 24. Kf1 Bh6 25. Red1 Rfd8 26. Rxd5 Rxd5 27. b4 Bf4 28. Re1 g5 29. h3 h5 30. g3 g4 31. hxg4 hxg4 32. Nh2 Bxe5 33. Nxg4 Bb2 34. Rb1 Bd4 35. Rb3 b5 36. Ke2 Kf8 37. Ne3 Rd7 38. Rd3 Ke7 39. Nc2 Bb2 40. Rxd7+ Kxd7 41. Kd3 Ke7 42. g4 Kf6 43. Ke3 Kg5 44. f3 f5 45. gxf5 exf5 46. Ne1 b6 47. Nd3 Bc3 48. Nc1 Kf6 49. f4 Kg6 50. Nd3 Kh5 51. Nc1 Kg4 52. Nd3 Bf6 53. Nc1 Be7 54. Nd3 Bd6 55. Nf2+ Kg3 56. Nd3 Bc7 57. Ne5 Bxe5 58. fxe5 f4+ 59. Kd2 f3 60. e6 f2 61. e7 f1=Q 62. e8=Q 1/2-1/2

[Event "Croatian-ch Youth U13 2022"]
[Site "Trogir"]
[Date "2022.06.24"]
[Round "5.2"]
[White "Pehar, Borna"]
[Black "Kresic, Vid"]
[Result "1-0"]
[ECO "C56"]
[WhiteElo "1756"]
[BlackElo "1459"]
[Annotator "NA RC"]
[PlyCount "53"]
[EventDate "2022.06.22"]
[EventType "swiss"]
[EventCountry "CRO"]
[SourceTitle "playchess.com"]
[Source "ChessBase"]
[SourceQuality "1"]
[TimeControl "5400+30"]

1. e4 e5 2. Nf3 Nc6 3. Bc4 Bc5 4. O-O Nf6 5. d4 exd4 6. e5 d5 7. exf6 dxc4 8. fxg7 Rg8 9. Re1+ Be6 10. Bg5 Be7 11. Bxe7 Kxe7 12. Na3 Qd5 13. Qe2 Kd7 14. Nd2 Rxg7 15. g3 b5 16. Ne4 Qf5 17. b3 cxb3 18. cxb3 a6 19. Rac1 Bd5 20. Nc5+ Kd6 21. Qxb5 Ne5 22. Nb7+ Ke6 23. Rc6+ Bxc6 24. Qxc6+ Ke7 25. Nc4 f6 26. f4 Qxf4 27. Nxe5 1-0

[Event "Croatian-ch Youth U13 2022"]
[Site "Trogir"]
[Date "2022.06.24"]
[Round "5.4"]
[White "Tadic, Jure"]
[Black "Horvat, Ivan"]
[Result "1-0"]
[ECO "B80"]
[WhiteElo "1565"]
[BlackElo "1290"]
[Annotator "NA RC"]
[PlyCount "47"]
[EventDate "2022.06.22"]
[EventType "swiss"]
[EventCountry "CRO"]
[SourceTitle "playchess.com"]
[Source "ChessBase"]
[SourceQuality "1"]
[TimeControl "5400+30"]

1. e4 c5 2. Nf3 d6 3. d4 cxd4 4. Nxd4 Nf6 5. Nc3 a6 6. f3 e6 7. Be3 Be7 8. Qd2 b5 9. g4 Bb7 10. g5 Nh5 11. O-O-O Nd7 12. a3 O-O 13. f4 g6 14. Be2 Ng7 15. h4 Nc5 16. Bf3 Qa5 17. Kb1 Qc7 18. Qg2 Rac8 19. h5 Nxh5 20. Bxh5 gxh5 21. Rxh5 Kg7 22. Rxh7+ Kg6 23. Qh3 Nxe4 24. Qh5# 1-0

[Event "Croatian-ch Youth U13 2022"]
[Site "Trogir"]
[Date "2022.06.24"]
[Round "5.5"]
[White "Puljiz, Marin"]
[Black "Mandaric, Duje"]
[Result "0-1"]
[ECO "B18"]
[WhiteElo "1296"]
[BlackElo "1333"]
[Annotator "NA RC"]
[PlyCount "86"]
[EventDate "2022.06.22"]
[EventType "swiss"]
[EventCountry "CRO"]
[SourceTitle "playchess.com"]
[Source "ChessBase"]
[SourceQuality "1"]
[TimeControl "5400+30"]

1. e4 c6 2. d4 d5 3. Nc3 dxe4 4. Nxe4 Bf5 5. Ng3 Bg6 6. Nf3 Nd7 7. Bc4 e6 8. O-O Ngf6 9. Bf4 Qb6 10. Bb3 O-O-O 11. Qd2 h5 12. Nh4 Bh7 13. Rfe1 Be7 14. Ngf5 Nd5 15. Bxd5 Bxf5 16. Nxf5 exf5 17. Bb3 Bf6 18. Rad1 Rhe8 19. c3 Rxe1+ 20. Rxe1 Qa5 21. Bxf7 Ne5 22. Bxe5 Bxe5 23. Qe3 Bd6 24. Qf3 h4 25. Be6+ Kb8 26. Qxf5 Qb6 27. Bb3 a6 28. Qf7 h3 29. gxh3 Ka7 30. Re8 Rxe8 31. Qxe8 Qa5 32. Qg6 Qc7 33. Qg2 Qe7 34. Kh1 Qe1+ 35. Qg1 Qd2 36. f3 Qxb2 37. d5+ Ka8 38. dxc6 bxc6 39. Bc4 Qxc3 40. Qf1 Qc2 41. Qe2 Qc1+ 42. Kg2 Qg5+ 43. Kf2 Bc5+ 0-1

[Event "Croatian-ch Youth U13 2022"]
[Site "Trogir"]
[Date "2022.06.24"]
[Round "5.6"]
[White "Sosic, Zvan"]
[Black "Lovrekovic, Leo"]
[Result "1-0"]
[ECO "C16"]
[WhiteElo "1331"]
[BlackElo "1188"]
[Annotator "NA RC"]
[PlyCount "41"]
[EventDate "2022.06.22"]
[EventType "swiss"]
[EventCountry "CRO"]
[SourceTitle "playchess.com"]
[Source "ChessBase"]
[SourceQuality "1"]
[TimeControl "5400+30"]

1. e4 e6 2. d4 d5 3. Nc3 Bb4 4. e5 Bxc3+ 5. bxc3 h6 6. Bd3 Ne7 7. Qg4 g6 8. Qh4 h5 9. Nf3 Nec6 10. Bg5 Qd7 11. Bf6 Rg8 12. g4 hxg4 13. Qh7 Kf8 14. Ng5 Na6 15. Bg7+ Rxg7 16. Qh8+ Rg8 17. Nh7+ Ke7 18. Qxg8 Qe8 19. Qg7 Nd8 20. Bxg6 Kd7 21. Nf6+ 1-0

[Event "Croatian-ch Youth U13 2022"]
[Site "Trogir"]
[Date "2022.06.24"]
[Round "5.7"]
[White "Rehak, Bozidar"]
[Black "Delibasic, Dominik"]
[Result "1/2-1/2"]
[ECO "D02"]
[WhiteElo "1186"]
[BlackElo "1523"]
[Annotator "NA RC"]
[PlyCount "94"]
[EventDate "2022.06.22"]
[EventType "swiss"]
[EventCountry "CRO"]
[SourceTitle "playchess.com"]
[Source "ChessBase"]
[SourceQuality "1"]
[TimeControl "5400+30"]

1. d4 Nf6 2. Bf4 e6 3. Nf3 Be7 4. e3 b6 5. Nbd2 Bb7 6. Bd3 O-O 7. c4 d5 8. O-O Nbd7 9. Qc2 c5 10. b3 Rc8 11. Ne5 h6 12. Ndf3 Nh5 13. Bg3 Nxg3 14. fxg3 Bd6 15. Nxd7 Qxd7 16. Rf2 Qe7 17. Raf1 f5 18. Nh4 Qg5 19. Qe2 g6 20. Nf3 Qe7 21. Nd2 Qg5 22. Nf3 Qg4 23. Ne5 Qxe2 24. Bxe2 Bxe5 25. dxe5 Rcd8 26. g4 d4 27. exd4 Rxd4 28. gxf5 exf5 29. Bf3 Be4 30. Re1 Re8 31. Rfe2 Rxe5 32. Bxe4 Rdxe4 33. Rxe4 fxe4 34. Kf2 Kf7 35. Ke3 Kf6 36. Rd1 Re6 37. Rd7 a5 38. a4 Kf5 39. Rf7+ Kg5 40. Rf4 h5 41. Rxe4 Rd6 42. Ke2 Kf5 43. Re8 Re6+ 44. Rxe6 Kxe6 45. g3 g5 46. h3 h4 47. g4 Kf6 1/2-1/2

[Event "Croatian-ch Youth U13 2022"]
[Site "Trogir"]
[Date "2022.06.24"]
[Round "5.9"]
[White "Hajdinic, Ema"]
[Black "Zagorac, Lara"]
[Result "1/2-1/2"]
[ECO "B22"]
[WhiteElo "1535"]
[BlackElo "1482"]
[Annotator "NA RC"]
[PlyCount "45"]
[EventDate "2022.06.22"]
[EventType "swiss"]
[EventCountry "CRO"]
[SourceTitle "playchess.com"]
[Source "ChessBase"]
[SourceQuality "1"]
[TimeControl "5400+30"]

1. e4 c5 2. c3 d5 3. exd5 Qxd5 4. d4 Nc6 5. Nf3 Bf5 6. Be2 Bxb1 7. Rxb1 cxd4 8. Nxd4 Nxd4 9. Qxd4 Qxd4 10. cxd4 a6 11. Bf3 O-O-O 12. Bf4 e5 13. Rc1+ Kd7 14. Bxe5 Bb4+ 15. Kd1 f6 16. Bc7 Rf8 17. Bg4+ f5 18. Bf3 Bd6 19. Bxd6 Kxd6 20. Bxb7 Rb8 21. Bxa6 Rxb2 22. a4 Nf6 23. f3 1/2-1/2

[Event "Croatian-ch Youth U13 2022"]
[Site "Trogir"]
[Date "2022.06.24"]
[Round "5.10"]
[White "Vucenovic, Diara"]
[Black "Paulic, Franka"]
[Result "1-0"]
[ECO "B23"]
[WhiteElo "1352"]
[BlackElo "1067"]
[Annotator "NA RC"]
[PlyCount "101"]
[EventDate "2022.06.22"]
[EventType "swiss"]
[EventCountry "CRO"]
[SourceTitle "playchess.com"]
[Source "ChessBase"]
[SourceQuality "1"]
[TimeControl "5400+30"]

1. e4 c5 2. Bc4 Nc6 3. Nc3 Nf6 4. d3 d6 5. h3 g6 6. Nf3 Bg7 7. Be3 O-O 8. Qd2 Bd7 9. Ne2 Na5 10. Bb3 Nxb3 11. axb3 Ne8 12. Rb1 Rc8 13. Ng3 Be6 14. h4 d5 15. h5 Bg4 16. Rh4 Bxf3 17. gxf3 e5 18. Rh1 b6 19. Bh6 d4 20. Bxg7 Nxg7 21. Qh6 Qf6 22. hxg6 Qxg6 23. Qh2 f5 24. Nxf5 Nxf5 25. Rg1 Ne7 26. Rxg6+ Nxg6 27. Qg3 Kf7 28. Kd2 Rg8 29. Qh3 Nf4 30. Qxh7+ Rg7 31. Qf5+ Ke7 32. Qxc8 Rg2 33. Rf1 Kd6 34. Qb8+ Ke6 35. Qxa7 Kf6 36. Qxb6+ Kg5 37. Qxc5 Ng6 38. b4 Kf6 39. Qd6+ Kf7 40. b5 Nh4 41. Qd7+ Kg6 42. Qh3 Kh5 43. Ke2 Kg6 44. Qxh4 Rg5 45. Qxg5+ Kxg5 46. b6 Kf4 47. b7 Kg5 48. b8=Q Kf4 49. Qf8+ Kg5 50. Rg1+ Kh5 51. Qh8# 1-0

[Event "Croatian-ch Youth U13 2022"]
[Site "Trogir"]
[Date "2022.06.25"]
[Round "6.1"]
[White "Petrus, Adrian"]
[Black "Pehar, Borna"]
[Result "1-0"]
[ECO "B31"]
[WhiteElo "1526"]
[BlackElo "1756"]
[Annotator "NA RC"]
[PlyCount "77"]
[EventDate "2022.06.22"]
[EventType "swiss"]
[EventCountry "CRO"]
[SourceTitle "playchess.com"]
[Source "ChessBase"]
[SourceQuality "1"]
[TimeControl "5400+30"]

1. e4 c5 2. Nf3 Nc6 3. Bb5 g6 4. Bxc6 bxc6 5. O-O Bg7 6. Re1 e5 7. c3 Ne7 8. d4 exd4 9. cxd4 cxd4 10. Nxd4 O-O 11. Nc3 Qb6 12. Nb3 Qc7 13. Bg5 d6 14. Rc1 Rb8 15. Qd2 Be6 16. Nd5 Bxd5 17. Bxe7 Rfe8 18. exd5 Rxe7 19. Rxe7 Qxe7 20. dxc6 Re8 21. g3 Rc8 22. Rc2 Bh6 23. Qd3 Qe5 24. Kg2 Bf8 25. Nd2 Qe6 26. Qa6 Bh6 27. Nf3 g5 28. h3 Kg7 29. Qxa7 Qe4 30. Qd4+ Qxd4 31. Nxd4 Kf6 32. Nb5 Ke6 33. c7 Kd7 34. a4 Bf8 35. a5 Ra8 36. a6 Kc8 37. Rc6 Kd7 38. Rb6 Kc8 39. a7 1-0

[Event "Croatian-ch Youth U13 2022"]
[Site "Trogir"]
[Date "2022.06.25"]
[Round "6.2"]
[White "Poljan, Max"]
[Black "Sosic, Zvan"]
[Result "1-0"]
[ECO "B90"]
[WhiteElo "1618"]
[BlackElo "1331"]
[Annotator "NA RC"]
[PlyCount "45"]
[EventDate "2022.06.22"]
[EventType "swiss"]
[EventCountry "CRO"]
[SourceTitle "playchess.com"]
[Source "ChessBase"]
[SourceQuality "1"]
[TimeControl "5400+30"]

1. e4 c5 2. Nf3 d6 3. d4 cxd4 4. Nxd4 Nf6 5. Nc3 a6 6. f3 e5 7. Nb3 Be7 8. Be3 Be6 9. Qd2 Nbd7 10. O-O-O Rc8 11. Kb1 b5 12. g4 b4 13. Nd5 Bxd5 14. exd5 a5 15. Bb5 h6 16. h4 e4 17. g5 hxg5 18. hxg5 Nh5 19. fxe4 g6 20. Nd4 Qc7 21. Rdf1 Rg8 22. Rf3 Rg7 23. Rhf1 1-0

[Event "Croatian-ch Youth U13 2022"]
[Site "Trogir"]
[Date "2022.06.25"]
[Round "6.3"]
[White "Kucelj, Kevin"]
[Black "Tadic, Jure"]
[Result "0-1"]
[ECO "C49"]
[WhiteElo "1398"]
[BlackElo "1565"]
[Annotator "NA RC"]
[PlyCount "105"]
[EventDate "2022.06.22"]
[EventType "swiss"]
[EventCountry "CRO"]
[SourceTitle "playchess.com"]
[Source "ChessBase"]
[SourceQuality "1"]
[TimeControl "5400+30"]

1. e4 e5 2. Nf3 Nc6 3. Nc3 Nf6 4. Bb5 Bb4 5. O-O d6 6. Nd5 Ba5 7. d3 h6 8. b4 Bb6 9. Nxb6 axb6 10. h3 O-O 11. a3 Nxb4 12. Bxh6 Nxc2 13. Bxg7 Nxa1 14. Bxf8 Qxf8 15. Qxa1 Qg7 16. Kh2 Nh5 17. g3 Qh6 18. Ng1 Qd2 19. Qc1 Qxc1 20. Rxc1 c6 21. Bxc6 bxc6 22. Rxc6 b5 23. Rxd6 Be6 24. Rb6 Bd7 25. Rb7 Be8 26. Re7 f6 27. g4 Kf8 28. Rc7 Nf4 29. Rc3 Rd8 30. h4 Rxd3 31. Rxd3 Nxd3 32. Kg3 Ne1 33. Nf3 Nc2 34. Nd2 Nxa3 35. f4 b4 36. fxe5 fxe5 37. g5 Bf7 38. Kg4 Be6+ 39. Kh5 Nc4 40. Nb1 Nd6 41. Nd2 Kg7 42. g6 b3 43. Nxb3 Bxb3 44. Kg5 Be6 45. h5 Nxe4+ 46. Kh4 Kf6 47. g7 Kxg7 48. h6+ Kh7 49. Kh5 Bf7+ 50. Kh4 Kxh6 51. Kg4 Nf6+ 52. Kf5 e4 53. Ke5 0-1

[Event "Croatian-ch Youth U13 2022"]
[Site "Trogir"]
[Date "2022.06.25"]
[Round "6.5"]
[White "Kresic, Vid"]
[Black "Solin, Borna"]
[Result "1/2-1/2"]
[ECO "C70"]
[WhiteElo "1459"]
[BlackElo "1324"]
[Annotator "NA RC"]
[PlyCount "66"]
[EventDate "2022.06.22"]
[EventType "swiss"]
[EventCountry "CRO"]
[SourceTitle "playchess.com"]
[Source "ChessBase"]
[SourceQuality "1"]
[TimeControl "5400+30"]

1. e4 e5 2. Nf3 Nc6 3. Bb5 a6 4. Ba4 b5 5. Bb3 Bb7 6. d3 h6 7. Be3 d6 8. c3 Nf6 9. O-O Ne7 10. Nbd2 Ng6 11. a4 Be7 12. axb5 axb5 13. Rxa8 Qxa8 14. Qc2 O-O 15. c4 bxc4 16. Bxc4 Ng4 17. h3 Nxe3 18. fxe3 c5 19. Nb3 Bc6 20. Ra1 Qb7 21. Na5 Qc7 22. Nxc6 Qxc6 23. Ra6 Qb7 24. Nd2 Kh7 25. Nb3 Qb4 26. Qd2 Qxd2 27. Nxd2 f5 28. exf5 Rxf5 29. Ne4 Rf8 30. Nxd6 Bg5 31. e4 Be3+ 32. Kh2 Rf1 33. Nf5 Bg1+ 1/2-1/2

[Event "Croatian-ch Youth U13 2022"]
[Site "Trogir"]
[Date "2022.06.25"]
[Round "6.6"]
[White "Horvat, Ivan"]
[Black "Matkovic, Mihael"]
[Result "1-0"]
[ECO "C78"]
[WhiteElo "1290"]
[BlackElo "1215"]
[Annotator "NA RC"]
[PlyCount "69"]
[EventDate "2022.06.22"]
[EventType "swiss"]
[EventCountry "CRO"]
[SourceTitle "playchess.com"]
[Source "ChessBase"]
[SourceQuality "1"]
[TimeControl "5400+30"]

1. e4 e5 2. Nf3 Nc6 3. Bb5 a6 4. Ba4 Nf6 5. O-O Bb4 6. c3 Ba5 7. h3 O-O 8. d3 h6 9. Nbd2 d6 10. Nc4 b5 11. Nxa5 Nxa5 12. Bc2 Bb7 13. Re1 Re8 14. b4 Nc6 15. a4 d5 16. exd5 Nxd5 17. Bd2 Qd6 18. axb5 axb5 19. Rxa8 Rxa8 20. Re2 Nf6 21. Qe1 Ra2 22. Qb1 Ra8 23. Qe1 Ra2 24. Bb1 Ra1 25. Be3 Ne7 26. Bc5 Qd7 27. Nxe5 Qd8 28. Bxe7 Qxe7 29. d4 Be4 30. Nf3 Qe8 31. Nd2 c6 32. Nxe4 Nxe4 33. Rxe4 Qd7 34. Re8+ Qxe8 35. Qxe8# 1-0

[Event "Croatian-ch Youth U13 2022"]
[Site "Trogir"]
[Date "2022.06.25"]
[Round "6.7"]
[White "Delibasic, Dominik"]
[Black "Perdic, Arijan"]
[Result "0-1"]
[ECO "B13"]
[WhiteElo "1523"]
[BlackElo "1149"]
[Annotator "NA RC"]
[PlyCount "48"]
[EventDate "2022.06.22"]
[EventType "swiss"]
[EventCountry "CRO"]
[SourceTitle "playchess.com"]
[Source "ChessBase"]
[SourceQuality "1"]
[TimeControl "5400+30"]

1. e4 c6 2. d4 d5 3. exd5 cxd5 4. Bd3 Nc6 5. c3 h6 6. h3 Nf6 7. Bf4 Qb6 8. Qc2 Bd7 9. Nf3 Rc8 10. Qe2 e6 11. O-O Be7 12. b3 O-O 13. Ne5 Nxd4 14. Qd2 Nc6 15. g4 Nxe5 16. Bxe5 Bb5 17. Bd4 Qc6 18. f4 Bxd3 19. Qxd3 Bc5 20. g5 hxg5 21. fxg5 Bxd4+ 22. cxd4 Ne4 23. Qe3 Qd6 24. Rf3 Rc2 0-1

[Event "Croatian-ch Youth U13 2022"]
[Site "Trogir"]
[Date "2022.06.25"]
[Round "6.8"]
[White "Mimica, Matija"]
[Black "Rehak, Bozidar"]
[Result "1-0"]
[ECO "D07"]
[WhiteElo "1421"]
[BlackElo "1186"]
[Annotator "NA RC"]
[PlyCount "89"]
[EventDate "2022.06.22"]
[EventType "swiss"]
[EventCountry "CRO"]
[SourceTitle "playchess.com"]
[Source "ChessBase"]
[SourceQuality "1"]
[TimeControl "5400+30"]

1. d4 d5 2. c4 e6 3. Nc3 Nf6 4. Nf3 Nc6 5. e3 Bd7 6. Bd3 dxc4 7. Bxc4 Bd6 8. O-O O-O 9. e4 e5 10. d5 Ne7 11. Bg5 Ng6 12. Nb5 a6 13. Nxd6 cxd6 14. Re1 h6 15. Bd2 Rc8 16. Qb3 b5 17. Bf1 Qb6 18. a4 Ra8 19. a5 Qb7 20. Bb4 Ne8 21. Rac1 f5 22. exf5 Ne7 23. Nxe5 Rxf5 24. Nc6 Nxd5 25. Ne7+ Kf8 26. Nxf5 Bxf5 27. Qf3 Qf7 28. Re5 Be6 29. Qxf7+ Bxf7 30. Re4 Nxb4 31. Rxb4 Nf6 32. Rd4 Rd8 33. Rc6 d5 34. Rxa6 b4 35. Rb6 Ra8 36. a6 Nd7 37. Rbxb4 Nc5 38. Rb5 Ne6 39. Rdb4 Re8 40. Rb8 Nd8 41. a7 Nc6 42. Rxe8+ Bxe8 43. Rf4+ Kg8 44. a8=Q Kh7 45. Bd3+ 1-0

[Event "Croatian-ch Youth U13 2022"]
[Site "Trogir"]
[Date "2022.06.25"]
[Round "6.9"]
[White "Vucenovic, Diara"]
[Black "Hajdinic, Ema"]
[Result "0-1"]
[ECO "B22"]
[WhiteElo "1352"]
[BlackElo "1535"]
[Annotator "NA RC"]
[PlyCount "64"]
[EventDate "2022.06.22"]
[EventType "swiss"]
[EventCountry "CRO"]
[SourceTitle "playchess.com"]
[Source "ChessBase"]
[SourceQuality "1"]
[TimeControl "5400+30"]

1. e4 c5 2. Nf3 e6 3. c3 Nc6 4. d4 d5 5. exd5 exd5 6. Bd3 Bg4 7. Be3 Qb6 8. Qd2 Bxf3 9. gxf3 c4 10. Bf5 Nge7 11. Bh3 h6 12. Qe2 f5 13. Bc1 Kf7 14. O-O Nd8 15. Kh1 Qe6 16. Qc2 Qg6 17. Rg1 Qh5 18. Bg2 Ng6 19. Qe2 Bd6 20. h3 Re8 21. Qf1 Nh4 22. Nd2 Ne6 23. b3 Nf4 24. bxc4 Nhxg2 25. Rxg2 Nxg2 26. Qxg2 Re1+ 27. Nf1 Rae8 28. Bb2 Rxa1 29. Bxa1 Re1 30. Bb2 dxc4 31. d5 Rb1 32. Ba3 Bxa3 0-1

[Event "Croatian-ch Youth U13 2022"]
[Site "Trogir"]
[Date "2022.06.25"]
[Round "6.11"]
[White "Car, Lana"]
[Black "Zagar, Lara Marija"]
[Result "1/2-1/2"]
[ECO "B07"]
[WhiteElo "1189"]
[BlackElo "1272"]
[Annotator "NA RC"]
[PlyCount "83"]
[EventDate "2022.06.22"]
[EventType "swiss"]
[EventCountry "CRO"]
[SourceTitle "playchess.com"]
[Source "ChessBase"]
[SourceQuality "1"]
[TimeControl "5400+30"]

1. e4 g6 2. g3 Bg7 3. Bg2 d6 4. Nf3 Nd7 5. O-O c5 6. d3 Ngf6 7. Nbd2 O-O 8. Re1 Rb8 9. c3 b6 10. a4 Kh8 11. Nb3 Bb7 12. a5 Ra8 13. a6 Bc8 14. Nfd2 Rb8 15. d4 Qc7 16. Nf1 e5 17. d5 c4 18. Nbd2 Ng8 19. Ne3 b5 20. b4 Nb6 21. Qc2 f6 22. Nd1 Nd7 23. Ra5 Rb6 24. Qa2 Nb8 25. Nb1 Rxa6 26. Be3 Qb7 27. Re2 Bh6 28. Qa1 Bxe3 29. Nxe3 Rxa5 30. bxa5 a6 31. Rb2 Nd7 32. Nxc4 Qc7 33. Ne3 Nc5 34. Rc2 Bd7 35. Qa2 Rb8 36. f3 Kg7 37. Bf1 Rb7 38. Nd2 Ne7 39. Nb3 Nxb3 40. Qxb3 Qxa5 41. Nc4 Qc7 42. Ne3 1/2-1/2

[Event "Croatian-ch Youth U13 2022"]
[Site "Trogir"]
[Date "2022.06.26"]
[Round "7.1"]
[White "Tadic, Jure"]
[Black "Petrus, Adrian"]
[Result "1-0"]
[ECO "B90"]
[WhiteElo "1565"]
[BlackElo "1526"]
[Annotator "NA RC"]
[PlyCount "79"]
[EventDate "2022.06.22"]
[EventType "swiss"]
[EventCountry "CRO"]
[SourceTitle "playchess.com"]
[Source "ChessBase"]
[SourceQuality "1"]
[TimeControl "5400+30"]

1. e4 c5 2. Nf3 d6 3. d4 cxd4 4. Nxd4 Nf6 5. Nc3 a6 6. f3 e5 7. Nb3 h5 8. Be3 Be6 9. Nd5 Bxd5 10. exd5 Nbd7 11. Qd2 g6 12. Be2 Bg7 13. O-O b6 14. c4 O-O 15. Rae1 a5 16. Qd1 Qc7 17. Kh1 a4 18. Nd2 Nc5 19. Qb1 b5 20. Ne4 Ncxe4 21. fxe4 bxc4 22. Rc1 Qb7 23. Bxc4 Rfb8 24. b3 Ng4 25. Bg1 axb3 26. Bxb3 Qe7 27. h3 Nf6 28. Be3 Rb4 29. Bg5 Raa4 30. Qd3 Rxe4 31. Bxa4 Rxa4 32. Qf3 e4 33. Bxf6 exf3 34. Bxe7 fxg2+ 35. Kxg2 Rxa2+ 36. Rf2 Ra5 37. Rd2 Be5 38. Rc6 Bf4 39. Bf6 g5 40. Rd4 1-0

[Event "Croatian-ch Youth U13 2022"]
[Site "Trogir"]
[Date "2022.06.26"]
[Round "7.2"]
[White "Mandaric, Duje"]
[Black "Poljan, Max"]
[Result "0-1"]
[ECO "B22"]
[WhiteElo "1333"]
[BlackElo "1618"]
[Annotator "NA RC"]
[PlyCount "120"]
[EventDate "2022.06.22"]
[EventType "swiss"]
[EventCountry "CRO"]
[SourceTitle "playchess.com"]
[Source "ChessBase"]
[SourceQuality "1"]
[TimeControl "5400+30"]

1. e4 c5 2. c3 Nf6 3. e5 Nd5 4. d4 cxd4 5. cxd4 e6 6. f4 d6 7. Nf3 dxe5 8. dxe5 Qb6 9. Qb3 Bb4+ 10. Nc3 Nc6 11. Bd2 Nd4 12. Nxd5 Nxf3+ 13. gxf3 Bxd2+ 14. Kxd2 exd5 15. Qxb6 axb6 16. Bd3 Bd7 17. b3 Ra3 18. Rhg1 g6 19. Ke3 Ke7 20. h4 Rha8 21. Rg2 Rxb3 22. axb3 Rxa1 23. h5 Ra3 24. hxg6 hxg6 25. Rb2 Ra1 26. Kd2 Rh1 27. Ke3 Rh4 28. Rc2 Bc6 29. Rf2 d4+ 30. Kxd4 Rxf4+ 31. Ke3 Rb4 32. Rb2 Bd5 33. Bc2 g5 34. Bd1 Ke6 35. Re2 Kxe5 36. Kd3+ Kd6 37. Kc3 Rf4 38. Rd2 Kc6 39. Rd3 f5 40. Re3 g4 41. fxg4 fxg4 42. Rg3 Bf3 43. Bc2 Kd5 44. Kd2 Kd4 45. Bg6 Ke5 46. Ke3 Rb4 47. Bc2 Kf6 48. Rg1 Kg5 49. Rg3 Kh4 50. Rg1 Kh3 51. Kf2 Kh2 52. Re1 Rf4 53. Ke3 Rf6 54. Rf1 g3 55. Be4 g2 56. Rf2 Bxe4 57. Rxf6 g1=Q+ 58. Kxe4 Qb1+ 59. Ke3 Qxb3+ 60. Ke2 Qb2+ 0-1

[Event "Croatian-ch Youth U13 2022"]
[Site "Trogir"]
[Date "2022.06.26"]
[Round "7.3"]
[White "Pehar, Borna"]
[Black "Sosic, Zvan"]
[Result "1-0"]
[ECO "B53"]
[WhiteElo "1756"]
[BlackElo "1331"]
[Annotator "NA RC"]
[PlyCount "43"]
[EventDate "2022.06.22"]
[EventType "swiss"]
[EventCountry "CRO"]
[SourceTitle "playchess.com"]
[Source "ChessBase"]
[SourceQuality "1"]
[TimeControl "5400+30"]

1. e4 c5 2. Nf3 d6 3. d4 cxd4 4. Qxd4 Nc6 5. Bb5 Bd7 6. Bxc6 Bxc6 7. Nc3 e5 8. Qd3 h6 9. Be3 Nf6 10. h3 Be7 11. O-O a6 12. a4 Nxe4 13. Nxe4 d5 14. Nxe5 dxe4 15. Qc3 Qd6 16. Rad1 Qb4 17. Qxb4 Bxb4 18. Nxc6 bxc6 19. Rd4 a5 20. c3 Be7 21. Rxe4 Rd8 22. Bc5 1-0